 Dungeon Crawl Stone Soup version 0.30-a0-222-ge547ba4400 (webtiles) character file.

Game seed: 14741940293080028668

11677 qw the Cleaver (level 11, 0/71 HPs)
             Began as a Gargoyle Fighter on Oct 8, 2022.
             Was a High Priest of Okawaru.
             Slain by an orc warrior
             ... wielding a +0 glaive
              (7 damage)
             ... on level 11 of the Dungeon.
             The game lasted 00:04:02 (9687 turns).

qw the Cleaver (Gargoyle Fighter)                   Turns: 9687, Time: 00:04:02

Health: 0/71       AC: 38    Str: 30    XL:     11   Next: 81%
Magic:  27/27      EV: 15    Int:  9    God:    Okawaru [*****.]
Gold:   213        SH:  6    Dex: 12    Spells: 10/10 levels left

rFire   . . .      SeeInvis +    Y - +2 war axe
rCold   . . .      Faith    .    t - +0 buckler of Imperfection {rN+ SInv}
rNeg    + + .      Spirit   .    a - +8 chain mail of the Clam {MP+9 Dex+3}
rPois   inf        Reflect  .    p - +2 hat
rElec   +          Harm     .    m - +2 cloak
rCorr   .          Rampage  .    x - +1 pair of gloves
Will    .....                    n - +0 pair of boots
Stlth   ..........               w - amulet of the acrobat
HPRegen 0.31/turn                e - +6 ring of strength
MPRegen 0.20/turn                r - +4 ring of evasion

@: about to teleport, heroic
A: sickness immunity, AC +8, negative energy resistance 1, electricity
resistance, torment resistance 1, petrification resistance
a: Renounce Religion, Heroism, Finesse, Duel


You were on level 11 of the Dungeon.
You worshipped Okawaru.
Okawaru was extremely pleased with you.
You visited 2 branches of the dungeon, and saw 12 of its levels.

You collected 694 gold pieces.
You spent 481 gold pieces at shops.


Innate Abilities, Weirdness & Mutations

You are immune to sickness and miasma.
Your stone body is resilient. (AC +8)
You are immune to poison.
You resist negative energy. (rN+)
You are resistant to electric shocks. (rElec)
You are resistant to unholy torment.
You are immune to petrification.


   Skills:
 - Level 9.2(14.2) Fighting
 + Level 11.1(16.1) Axes
 - Level 2.3(7.3) Throwing
 - Level 7.1(12.1) Armour
 - Level 2.0(7.0) Dodging
 - Level 5.0(10.0) Shields
 + Level 9.7 Invocations


You had 10 spell levels left.
You didn't know any spells.
Your spell library was empty.

Inventory:

Hand Weapons
 u - a +0 morningstar
 Y - a +2 war axe (weapon)
Missiles
 s - a boomerang
 y - a silver boomerang (quivered)
Armour
 a - the +8 chain mail of the Clam (worn) {MP+9 Dex+3}
   (You acquired it on level 1 of the Dungeon)

   Dex:       It affects your dexterity (+3).
   MP:        It affects your magic capacity (+9).
 m - a +2 cloak (worn)
 n - a +0 pair of boots (worn)
 p - a +2 hat (worn)
 t - the +0 buckler of Imperfection (worn) {rN+ SInv}
   (Okawaru gifted it to you on level 10 of the Dungeon)

   rN:        It protects you from negative energy.
   SInv:      It lets you see invisible.
 x - a +1 pair of gloves (worn)
Jewellery
 c - an amulet of regeneration
 e - a +6 ring of strength (left hand)
 q - a ring of see invisible
 r - a +4 ring of evasion (right hand)
 v - a ring of fire
 w - an amulet of the acrobat (around neck)
Scrolls
 g - 3 scrolls of identify
 k - 3 scrolls of teleportation
Potions
 b - 3 potions of heal wounds
 d - 2 potions of might
 f - a potion of attraction
 h - 2 potions of haste
 i - 7 potions of curing
 j - 2 potions of mutation
 o - 2 potions of lignification

Dungeon Overview and Level Annotations

Branches:
Dungeon (11/15)            Temple (1/1) D:4             Orc (0/2) D:10
   Lair: D:8-11

Altars:
Ashenzari
Cheibriados
Dithmenos
Elyvilon
Fedhas
Gozag
Hepliaklqana
Kikubaaqudgha
Makhleb
Nemelex Xobeh
Okawaru
Qazlal
Ru
Sif Muna
Trog
Uskayaw
Vehumet
Wu Jian
Xom
Yredelemnul
Zin
The Shining One

Shops:
D:4 :   D:8 *   D:9 *


Message History

Okawaru accepts your kill.
You hit the orc. You barely miss the orc warrior.
The orc warrior hits you from afar with a +0 glaive.
The orc warrior completely misses you. The orc hits you but does no damage.
You slash the orc warrior!
You kill the orc warrior!
Okawaru accepts your kill.
You slash the orc!
You kill the orc!
Okawaru accepts your kill.
You slash the orc warrior! You hit the orc warrior.
The orc warrior is heavily wounded.
The orc warrior hits you from afar with a +0 glaive.
The orc warrior misses you.
9685 ||| READING 4 scrolls of teleportation.
As you read the scroll of teleportation, it crumbles to dust.
You feel strangely unstable.
The orc warrior hits you but does no damage.
The orc hits you but does no damage. The orc warrior misses you.
You block the orc's attack.
You slash the orc warrior!
You kill the orc warrior!
Okawaru accepts your kill.
You slash the orc!
You kill the orc!
Okawaru accepts your kill.
You barely miss the orc. You block the orc's attack.
The orc warrior hits you but does no damage.
You slice the orc!!
You kill the orc!
Okawaru accepts your kill.
You closely miss the orc. You slash the orc!
You kill the orc!
Okawaru accepts your kill.
The orc priest mumbles some strange prayers to Beogh against you.
Beogh smites you!
The orc warrior hits you from afar with a +0 glaive!
You die... #........ #........ #....# #........ #....+ #>....... '.$..# #........ #.oo.# #........ #oooo#

'<....... #ooo.#
#........ #)_oo#
#........ #@# #.....^..
##.# #........ ##..#
#####+### #..## #(##
+######### #.#
.........# ###'#########
.........###...........#
.........#.'....>......#


You could see an orc warrior, an orc priest and 9 orcs.

Vanquished Creatures
  Gastronok (D:10)
  2 two-headed ogres
  An orc knight (D:11)
  Maurice (D:11)
  An unseen horror (D:8)
  3 trolls
  14 yaks
  A human (D:10)
  3 wyverns
  2 wargs (D:10)
  4 water moccasins
  10 orc warriors
  An ice beast (D:7)
  3 black bears
  2 sky beasts (D:7)
  2 ogres (D:5)
  3 centaurs
  8 kobold brigands
  A phantom (D:5)
  A necrophage (D:4)
  6 bullfrogs
  3 scorpions
  8 wights
  4 killer bees (D:10)
  A howler monkey (D:8)
  3 hounds
  8 orc priests
  A jelly (D:5)
  8 orc wizards
  A gnoll (D:1)
  4 adders
  A shadow imp (D:5)
  3 white imps
  3 ufetubi
  3 worms
  A dart slug (D:4)
  35 orcs
  15 ball pythons
  4 bats
  4 endoplasms
  6 giant cockroaches
  6 goblins
  8 hobgoblins
  2 jackals (D:4)
  4 frilled lizards
  39 kobolds
  2 rats
247 creatures vanquished.

Notes
Turn   | Place    | Note
-------+----------+-------------------------------------------
     0 | D:1      | qw the Gargoyle Fighter began the quest for the Orb.
     0 | D:1      | Reached XP level 1. HP: 14/14 MP: 1/1
     0 | D:1      | 0 ||| qw: Version: 0.2-a-17-g79969f3
     0 | D:1      | 0 ||| qw: Game counter: 1981
     0 | D:1      | 0 ||| qw: Always use a shield: true
     0 | D:1      | 0 ||| qw: God list: Okawaru
     0 | D:1      | 0 ||| qw: Allow faded altars: false
     0 | D:1      | 0 ||| qw: Do Orc after D:15 true
     0 | D:1      | 0 ||| qw: Do second Lair branch before Depths: true
     0 | D:1      | 0 ||| qw: Lair rune preference: random
     0 | D:1      | 0 ||| qw: Plans: Normal, Zot:1-4, God:TSO, Crypt, Tomb,
                  | Pan, Slime:5, Hells, Abyss, Orb
     0 | D:1      | 0 ||| PLANNING D:1-11
    56 | D:1      | Reached skill level 2 in Axes
    74 | D:1      | 74 ||| Stepping ~*~*~tactically~*~*~ (stealth).
    75 | D:1      | 75 ||| Stepping ~*~*~tactically~*~*~ (stealth).
    84 | D:1      | 84 ||| Stepping ~*~*~tactically~*~*~ (stealth).
   217 | D:1      | Reached XP level 2. HP: 19/19 MP: 2/2
   602 | D:1      | Reached skill level 3 in Axes
   610 | D:1      | 610 ||| DROPPING +0 club.
   652 | D:1      | Found a faded altar of an unknown god.
   989 | D:1      | 989 ||| READING scroll labelled CECRIGEN WEY.
   990 | D:1      | 990 ||| READING 2 scrolls labelled EWNOLI IWNIUPH.
   991 | D:1      | 991 ||| READING scroll labelled BADEITW XEQEA.
   996 | D:1      | 996 ||| READING scroll labelled VUODWO ODEO.
   996 | D:1      | Identified a scroll of acquirement
   996 | D:1      | 996 ||| ACQUIRING +8 chain mail of the Clam {MP+9 Dex+3}
   996 | D:1      | Acquired the +8 chain mail of the Clam {MP+9 Dex+3}
   998 | D:1      | 998 ||| UPGRADING to +8 chain mail of the Clam {MP+9
                  | Dex+3}.
  1008 | D:1      | 1008 ||| DROPPING +0 scale mail.
  1083 | D:1      | 1083 ||| DRINKING 2 green potions.
  1084 | D:1      | 1084 ||| DROPPING scroll of amnesia.
  1162 | D:2      | 1162 ||| Stepping ~*~*~tactically~*~*~ (stealth).
  1168 | D:2      | Reached XP level 3. HP: 23/23 MP: 3/3
  1665 | D:2      | Reached XP level 4. HP: 28/28 MP: 4/4
  1793 | D:2      | 1793 ||| UPGRADING to +2 cloak.
  1798 | D:2      | 1798 ||| UPGRADING to +6 ring of strength.
  1799 | D:2      | 1799 ||| READING scroll labelled FEMOARA RIOJOUT.
  1800 | D:2      | 1800 ||| READING scroll labelled JESAUTHRIGG.
  1801 | D:2      | 1801 ||| READING scroll labelled GUK ZUH EQUROM.
  1802 | D:2      | 1802 ||| READING scroll labelled EXKEL QIGADO.
  1905 | D:3      | 1905 ||| Stepping ~*~*~tactically~*~*~ (stealth).
  1906 | D:3      | 1906 ||| Stepping ~*~*~tactically~*~*~ (stealth).
  2099 | D:3      | Reached skill level 4 in Axes
  2256 | D:3      | 2256 ||| Stepping ~*~*~tactically~*~*~ (stealth).
  2288 | D:3      | Identified the +3 leather armour of Absence {rElec Int+9
                  | Dex-2 Slay-5}
  2289 | D:3      | 2289 ||| Stepping ~*~*~tactically~*~*~ (stealth).
  2310 | D:3      | Reached skill level 1 in Dodging
  2312 | D:3      | Found a glowing silver altar of Zin.
  2456 | D:3      | Found a hide-covered altar of Uskayaw.
  2743 | D:3      | 2743 ||| DROPPING scarf of invisibility.
  2744 | D:3      | 2744 ||| READING scroll labelled XALYDI JEEDAPH.
  2745 | D:3      | 2745 ||| READING scroll labelled CUYMOCOIKI.
  2846 | D:3      | 2846 ||| DRINKING 2 metallic yellow potions.
  2847 | D:3      | 2847 ||| DROPPING potion of brilliance.
  2922 | D:4      | Reached XP level 5. HP: 32/32 MP: 5/5
  2932 | D:4      | Found Fatet's Self-Improvement Boutique.
  2944 | D:4      | Found a radiant altar of Vehumet.
  3130 | D:4      | 3130 ||| Stepping ~*~*~tactically~*~*~ (stealth).
  3190 | D:4      | 3190 ||| Stepping ~*~*~tactically~*~*~ (stealth).
  3195 | D:4      | Reached skill level 5 in Axes
  3205 | D:4      | Reached XP level 6. HP: 26/38 MP: 6/6
  3356 | D:4      | Noticed a shadow
  3357 | D:4      | Found a shadowy altar of Dithmenos.
  3358 | D:4      | Found a hazy altar of Hepliaklqana.
  3414 | D:4      | Found a staircase to the Ecumenical Temple.
  3415 | D:4      | 3415 ||| PLANNING TEMPLE
  3415 | D:4      | 3415 ||| READING scroll labelled ATEICO OVAHULOCEYR.
  3416 | D:4      | 3416 ||| READING scroll labelled DAODAK ZOTAOPEZXE.
  3417 | D:4      | 3417 ||| DRINKING 2 puce potions.
  3468 | Temple   | Entered the Ecumenical Temple
  3478 | Temple   | 3478 ||| PLANNING OKAWARU WORSHIP
  3913 | Temple   | Became a worshipper of Warmaster Okawaru
  3914 | Temple   | 3914 ||| PLANNING D:1-11
  4115 | D:5      | Entered Level 5 of the Dungeon
  4129 | D:5      | Found a bloodstained altar of Trog.
  4129 | D:5      | Noticed a black bear
  4129 | D:5      | Noticed a black bear
  4146 | D:5      | Killed a black bear
  4147 | D:5      | Reached skill level 6 in Axes
  4147 | D:5      | Reached XP level 7. HP: 26/43 MP: 7/7
  4339 | D:5      | Reached * piety under Okawaru
  4340 | D:5      | Reached skill level 7 in Axes
  4417 | D:5      | Reached skill level 1 in Invocations
  4614 | D:5      | 4614 ||| DROPPING +0 whip.
  4731 | D:5      | 4731 ||| INVOKING Heroism.
  4794 | D:5      | 4794 ||| INVOKING Heroism.
  4799 | D:5      | Reached XP level 8. HP: 46/49 MP: 10/10
  4822 | D:5      | Found a sparkling altar of Nemelex Xobeh.
  4933 | D:5      | 4933 ||| UPGRADING to +0 pair of boots.
  4938 | D:5      | 4938 ||| UPGRADING to +0 pair of gloves.
  4943 | D:5      | 4943 ||| UPGRADING to ring of see invisible.
  4944 | D:5      | 4944 ||| READING 3 scrolls of identify.
  4944 | D:5      | 4944 ||| IDENTIFYING metallic puce potion
  4945 | D:5      | 4945 ||| READING 2 scrolls of identify.
  4945 | D:5      | 4945 ||| IDENTIFYING brown potion
  5002 | D:6      | Reached skill level 3 in Invocations
  5170 | D:6      | 5170 ||| INVOKING Heroism.
  5250 | D:6      | Reached ** piety under Okawaru
  5372 | D:6      | Reached skill level 8 in Axes
  5583 | D:6      | 5583 ||| DROPPING +1 mace of holy wrath.
  5635 | D:6      | 5635 ||| INVOKING Heroism.
  5744 | D:6      | 5744 ||| READING 2 scrolls of identify.
  5744 | D:6      | 5744 ||| IDENTIFYING metallic clear potion
  5811 | D:7      | 5811 ||| INVOKING Heroism.
  5815 | D:7      | Reached skill level 6 in Fighting
  5913 | D:7      | 5913 ||| Stepping ~*~*~tactically~*~*~ (stealth).
  5914 | D:7      | 5914 ||| INVOKING Heroism.
  5915 | D:7      | 5915 ||| Stepping ~*~*~tactically~*~*~ (stealth).
  5929 | D:7      | Reached XP level 9. HP: 55/55 MP: 12/12
  5993 | D:7      | 5993 ||| Stepping ~*~*~tactically~*~*~ (water).
  6012 | D:7      | Reached skill level 9 in Axes
  6026 | D:7      | 6026 ||| Stepping ~*~*~tactically~*~*~ (stealth).
  6027 | D:7      | 6027 ||| INVOKING Heroism.
  6031 | D:7      | 6031 ||| Stepping ~*~*~tactically~*~*~ (stealth).
  6033 | D:7      | 6033 ||| Stepping ~*~*~tactically~*~*~ (stealth).
  6036 | D:7      | 6036 ||| Stepping ~*~*~tactically~*~*~ (stealth).
  6039 | D:7      | 6039 ||| Stepping ~*~*~tactically~*~*~ (stealth).
  6043 | D:7      | 6043 ||| Stepping ~*~*~tactically~*~*~ (stealth).
  6078 | D:7      | 6078 ||| Stepping ~*~*~tactically~*~*~ (stealth).
  6088 | D:7      | 6088 ||| Stepping ~*~*~tactically~*~*~ (stealth).
  6089 | D:7      | 6089 ||| Stepping ~*~*~tactically~*~*~ (stealth).
  6092 | D:7      | 6092 ||| INVOKING Heroism.
  6163 | D:7      | Reached skill level 1 in Throwing
  6235 | D:7      | 6235 ||| Stepping ~*~*~tactically~*~*~ (hiding).
  6240 | D:7      | 6240 ||| INVOKING Heroism.
  6281 | D:7      | 6281 ||| Stepping ~*~*~tactically~*~*~ (hiding).
  6292 | D:7      | 6292 ||| Stepping ~*~*~tactically~*~*~ (stealth).
  6365 | D:7      | 6365 ||| INVOKING Heroism.
  6818 | D:7      | 6818 ||| UPGRADING to amulet of the acrobat.
  6823 | D:7      | 6823 ||| READING 3 scrolls of identify.
  6823 | D:7      | 6823 ||| IDENTIFYING golden potion
  6824 | D:7      | 6824 ||| READING 2 scrolls of identify.
  6824 | D:7      | 6824 ||| IDENTIFYING smoky coppery potion
  6825 | D:7      | 6825 ||| DROPPING potion of ambrosia.
  6955 | D:8      | 6955 ||| INVOKING Heroism.
  7010 | D:8      | Reached *** piety under Okawaru
  7068 | D:8      | 7068 ||| INVOKING Heroism.
  7069 | D:8      | 7069 ||| Stepping ~*~*~tactically~*~*~ (hiding).
  7070 | D:8      | 7070 ||| Stepping ~*~*~tactically~*~*~ (hiding).
  7096 | D:8      | Noticed an unseen horror
  7109 | D:8      | Killed an unseen horror
  7135 | D:8      | 7135 ||| INVOKING Heroism.
  7144 | D:8      | Reached XP level 10. HP: 60/63 MP: 13/13
  7155 | D:8      | 7155 ||| INVOKING Heroism.
  7157 | D:8      | Reached skill level 10 in Axes
  7176 | D:8      | 7176 ||| READING scroll of enchant weapon.
  7176 | D:8      | 7176 ||| ENCHANTING +1 war axe.
  7216 | D:8      | 7216 ||| INVOKING Heroism.
  7310 | D:8      | Found Wen Ver's Serpentskin Sales.
  7311 | D:8      | 7311 ||| INVOKING Heroism.
  7571 | D:8      | 7571 ||| UPGRADING to +1 pair of gloves.
  7581 | D:8      | 7581 ||| DROPPING +0 pair of gloves.
  7582 | D:8      | 7582 ||| DRINKING 3 black potions.
  7583 | D:8      | 7583 ||| READING 3 scrolls of identify.
  7583 | D:8      | 7583 ||| IDENTIFYING murky orange potion
  7584 | D:8      | 7584 ||| READING 2 scrolls of identify.
  7584 | D:8      | 7584 ||| IDENTIFYING lumpy inky potion
  7585 | D:8      | 7585 ||| DROPPING potion of degeneration.
  7586 | D:8      | 7586 ||| DROPPING potion of flight.
  7587 | D:8      | 7587 ||| DROPPING 2 potions of invisibility.
  7610 | D:9      | Found Cyhum's Assorted Antiques.
  7621 | D:9      | 7621 ||| BUYING potion of curing (111 gold).
  7621 | D:9      | Bought a potion of curing for 111 gold pieces
  7621 | D:9      | 7621 ||| BUYING potion of haste (370 gold).
  7621 | D:9      | Bought a potion of haste for 370 gold pieces
  7621 | D:9      | 7621 ||| SHOPLISTING scroll of enchant weapon (277 gold,
                  | have 8).
  7621 | D:9      | 7621 ||| SHOPLISTING scroll of identify (74 gold, have 8).
  7621 | D:9      | 7621 ||| SHOPLISTING scroll of teleportation (111 gold,
                  | have 8).
  7635 | D:9      | Found a blossoming altar of Fedhas.
  7692 | D:9      | 7692 ||| INVOKING Heroism.
  7700 | D:9      | Reached skill level 6 in Armour
  7707 | D:9      | Reached **** piety under Okawaru
  8041 | D:9      | 8041 ||| INVOKING Heroism.
  8070 | D:9      | 8070 ||| Stepping ~*~*~tactically~*~*~ (hiding).
  8071 | D:9      | 8071 ||| Stepping ~*~*~tactically~*~*~ (hiding).
  8072 | D:9      | 8072 ||| Stepping ~*~*~tactically~*~*~ (stealth).
  8073 | D:9      | 8073 ||| Stepping ~*~*~tactically~*~*~ (hiding).
  8082 | D:9      | 8082 ||| Stepping ~*~*~tactically~*~*~ (stealth).
  8259 | D:9      | 8259 ||| INVOKING Heroism.
  8288 | D:9      | 8288 ||| READING scroll labelled IFOFAG RACOAS.
  8332 | D:10     | Entered Level 10 of the Dungeon
  8347 | D:10     | 8347 ||| Stepping ~*~*~tactically~*~*~ (stealth).
  8350 | D:10     | 8350 ||| INVOKING Heroism.
  8361 | D:10     | 8361 ||| Stepping ~*~*~tactically~*~*~ (hiding).
  8365 | D:10     | 8365 ||| Stepping ~*~*~tactically~*~*~ (hiding).
  8366 | D:10     | 8366 ||| Stepping ~*~*~tactically~*~*~ (hiding).
  8368 | D:10     | Reached ***** piety under Okawaru
  8398 | D:10     | 8398 ||| FLEEEEING.
  8399 | D:10     | 8399 ||| FLEEEEING.
  8400 | D:10     | 8400 ||| FLEEEEING.
  8401 | D:10     | 8401 ||| FLEEEEING.
  8402 | D:10     | 8402 ||| FLEEEEING.
  8403 | D:10     | 8403 ||| FLEEEEING.
  8408 | D:10     | 8408 ||| STAIRDANCE
  8472 | D:10     | Noticed Gastronok
  8473 | D:10     | 8473 ||| INVOKING Heroism.
  8478 | D:10     | Reached skill level 6 in Invocations
  8480 | D:10     | Found a staircase to the Orcish Mines.
  8498 | D:10     | Killed Gastronok
  8499 | D:10     | Reached XP level 11. HP: 24/68 MP: 16/16
  8540 | D:10     | 8540 ||| INVOKING Heroism.
  8663 | D:10     | Found a white marble altar of Elyvilon.
  8694 | D:10     | 8694 ||| INVOKING Heroism.
  8869 | D:10     | 8869 ||| Stepping ~*~*~tactically~*~*~ (hiding).
  8885 | D:10     | 8885 ||| FLEEEEING.
  8886 | D:10     | 8886 ||| FLEEEEING.
  8887 | D:10     | 8887 ||| FLEEEEING.
  8888 | D:10     | 8888 ||| FLEEEEING.
  8889 | D:10     | 8889 ||| FLEEEEING.
  8897 | D:10     | Reached skill level 11 in Axes
  8987 | D:10     | 8987 ||| Stepping ~*~*~tactically~*~*~ (stealth).
  8989 | D:10     | 8989 ||| Stepping ~*~*~tactically~*~*~ (stealth).
  8993 | D:10     | Identified the +0 buckler of Imperfection {rN+ SInv}
                  | (Okawaru gifted it to you on level 10 of the Dungeon)
  8993 | D:10     | Received a gift from Okawaru
  9047 | D:10     | 9047 ||| Stepping ~*~*~tactically~*~*~ (stealth).
  9049 | D:10     | 9049 ||| Stepping ~*~*~tactically~*~*~ (stealth).
  9119 | D:10     | 9119 ||| INVOKING Heroism.
  9160 | D:10     | 9160 ||| INVOKING Heroism.
  9215 | D:10     | 9215 ||| INVOKING Heroism.
  9313 | D:10     | 9313 ||| INVOKING Heroism.
  9398 | D:10     | Noticed a two-headed ogre
  9399 | D:10     | 9399 ||| INVOKING Heroism.
  9409 | D:10     | Killed a two-headed ogre
  9410 | D:10     | Reached skill level 9 in Fighting
  9414 | D:10     | 9414 ||| UPGRADING to +2 hat.
  9419 | D:10     | 9419 ||| UPGRADING to +0 buckler of Imperfection {rN+
                  | SInv}.
  9429 | D:10     | 9429 ||| REMOVING ring of see invisible.
  9430 | D:10     | 9430 ||| DROPPING +0 buckler.
  9431 | D:10     | 9431 ||| UPGRADING to +4 ring of evasion.
  9432 | D:10     | 9432 ||| READING scroll labelled LUEPTU YNANOS.
  9486 | D:11     | Noticed a two-headed ogre
  9487 | D:11     | 9487 ||| Stepping ~*~*~tactically~*~*~ (stealth).
  9489 | D:11     | 9489 ||| INVOKING Heroism.
  9496 | D:11     | Killed a two-headed ogre
  9497 | D:11     | Reached skill level 9 in Invocations
  9531 | D:11     | Noticed Maurice
  9541 | D:11     | Killed Maurice
  9650 | D:11     | Noticed an orc knight
  9651 | D:11     | 9651 ||| INVOKING Heroism.
  9667 | D:11     | Killed an orc knight
  9684 | D:11     | HP: 17/71 [orc warrior/+0 glaive (6)]
  9685 | D:11     | 9685 ||| READING 4 scrolls of teleportation.
  9687 | D:11     | HP: 7/71 [orc priest/divine providence (11)]
  9687 | D:11     | Slain by an orc warrior

Levels and vault maps discovered:
D:1:      heliophobic_arrival_enchanted_forest, layout_basic,
          shapermc_ecumenical_altar_ellora
D:2:      layout_loops_cross
D:3:      layout_loops_corners, nicolae_uskayaw_dance_hall, zin_treasury,
          minmay_pentomino_pile
D:4:      layout_basic, old_standard_altar, riverfiend_overflow_shadow_ancestor,
          minmay_temple_entry_crystal_x, nicolae_shop_self_help
D:5:      layout_loops_ring, nemelex_dance_club_becter, trog_ov_bears_minmay,
          minmay_misc_feat_five, due_unseen_surprise
D:6:      layout_loops_cross, small_statue_alley_b, serial_bayou_pond_a,
          minmay_misc_feat_plants
D:7:      layout_loops_ring, chequers_serial_rivers_large_a
D:8:      layout_loops_ring, guppyfry_shop_venom
D:9:      layout_roguey, amcnicky_altar_gilded, serial_shops, shop_fountains,
          serial_corexii_hall, corexii_hall_statues_u,
          chequers_hall_statues_wall_a, hangedman_decor_diamond_cutter
D:10:     layout_roguey, mainiacjoe_overflow_catwalk, erik_orc_4, uniq_gastronok
D:11:     layout_roguey [special_room_orc], erik_lair_dragon, uniq_maurice
Temple:   compressed_dpeg_triangle_lava_temple

Skill      XL: |  1  2  3  4  5  6  7  8  9 10 11 |
---------------+----------------------------------+-----
Axes           | 2 3 4 5 6 7 8 9 10 11 | 11.1
Dodging        | 1 2 |  2.0
Fighting       | 4 5 6 7 8 9 |  9.2
Invocations    | 2 4 7 9 |  9.7
Armour         | 4 5 6 7 |  7.1
Shields        | 4 5 |  5.0
Throwing       | 1 2 |  2.3

Action                   |  1- 3 |  4- 6 |  7- 9 | 10-12 || total
-------------------------+-------+-------+-------+-------++-------
Melee: War axe           |    81 |   155 |   252 |   273 ||   761
Throw: Boomerang         |       |       |    12 |    37 ||    49
Invok: Heroism           |       |       |    13 |    17 ||    30
  Use: Scroll            |     4 |     8 |     5 |     6 ||    23
       Potion            |     1 |     2 |       |     1 ||     4
Armor: Scale mail        |    11 |       |       |       ||    11
       Chain mail        |    28 |   119 |   112 |   105 ||   364
Dodge: Dodged            |    27 |    52 |    79 |   104 ||   262
Block: Buckler           |    16 |    30 |    45 |    65 ||   156

Table legend:
 A = Non-vault XP
 B = Vault XP
 C = Vault XP percentage of total XP
 D = Non-vault monster count
 E = Vault monster count
 F = Vault count percentage of total count
                 A         B        C        D         E       F
            +---------+---------+-------+---------+---------+-------
      Total |   11693 |    4995 |  29.9 |     203 |      44 |  17.8
            +---------+---------+-------+---------+---------+-------
        D:1 |      33 |       0 |   0.0 |      13 |       0 |   0.0
        D:2 |      55 |       0 |   0.0 |      15 |       0 |   0.0
        D:3 |      40 |       3 |   7.0 |      15 |       2 |  11.8
        D:4 |     311 |       0 |   0.0 |      22 |       0 |   0.0
        D:5 |     479 |     391 |  44.9 |       9 |       4 |  30.8
        D:6 |     799 |       0 |   0.0 |      17 |       0 |   0.0
        D:7 |    1380 |       0 |   0.0 |      37 |       0 |   0.0
        D:8 |    1632 |     290 |  15.1 |      28 |       4 |  12.5
        D:9 |    1995 |       0 |   0.0 |      18 |       0 |   0.0
       D:10 |    4134 |    2361 |  36.4 |      28 |      19 |  40.4
       D:11 |     835 |    1950 |  70.0 |       1 |      15 |  93.8
            +---------+---------+-------+---------+---------+-------
